 Dungeon Crawl Stone Soup version 0.15.2 (webtiles) character file.

6440 magipi the Cleaver (level 10, -3/96 HPs)
             Began as a Deep Dwarf Gladiator on Apr 20, 2016.
             Was a Priest of Makhleb.
             Slain by a yak (7 damage)
             ... on Level 10 of the Dungeon.
             The game lasted 01:15:32 (8368 turns).

magipi the Cleaver (Deep Dwarf Gladiator)           Turns: 8368, Time: 01:15:32

HP  -3/96        AC 18     Str 19      XL: 10   Next: 67%
MP  14/14        EV  6     Int 11      God: Makhleb [***...]
Gold 564         SH  0     Dex 14      Spells:  0 memorised,  9 levels left

rFire  . . .     SeeInvis .     a - +0 war axe
rCold  . . .     Clarity  +     D - +0 plate armour
rNeg   + . .     rCorr    .     (no shield)
rPois  .         rRot     .     c - +0 helmet
rElec  .         Spirit   .     i - +0 cloak
SustAb .         Warding  .     (no gloves)
rMut   .         Rnd*Tele +     w - +0 pair of boots
Gourm  .                        L - amulet of the Four Winds {Clar rN+ MR+++}
MR     ++++.                    t - ring of teleportation
                                N - cursed +1 ring of protection

@: non-regenerating, incredibly resistant to hostile enchantments, extremely
unstealthy
A: damage resistance, recharge devices, sense surroundings 2, slow healing 3
a: Device Recharging, Minor Destruction, Lesser Servant of Makhleb, Renounce
Religion, Evoke Teleportation


You were on level 10 of the Dungeon.
You worshipped Makhleb.
Makhleb was most pleased with you.
You were not hungry.

You visited 2 branches of the dungeon, and saw 11 of its levels.
You also visited: Sewer and Ossuary.

You collected 564 gold pieces.

Inventory:

Hand weapons
 a - a +0 war axe (weapon)
Missiles
 d - 2 throwing nets (quivered)
 E - 4 tomahawks
Armour
 c - a +0 helmet (worn)
 i - a +0 cloak (worn)
 w - a +0 pair of boots (worn)
 D - a +0 plate armour (worn)
Magical devices
 e - a wand of heal wounds (1)
 q - a wand of slowing (7)
 B - a wand of magic darts (3)
 O - a wand of random effects (9)
 P - a wand of lightning (9)
Comestibles
 f - 6 bread rations
 g - 3 meat rations
 z - 5 fruits
Scrolls
 b - a scroll of amnesia {unknown}
 h - 3 scrolls of fog
 m - a scroll of enchant armour {unknown}
 n - 2 scrolls of noise {unknown}
 p - a scroll of enchant weapon {unknown}
 u - 2 scrolls of immolation {unknown}
 v - 4 scrolls of teleportation {unknown}
 x - 3 scrolls of blinking {unknown}
 y - 4 scrolls of random uselessness {unknown}
 A - 3 scrolls of remove curse
 C - a scroll of recharging
 I - a scroll of summoning {unknown}
Jewellery
 l - an uncursed ring of invisibility
 t - a ring of teleportation (right hand)
 F - a +2 ring of dexterity
 G - an uncursed amulet of stasis
 L - the amulet of the Four Winds (around neck) {Clar rN+ MR+++}
   (You found it on level 7 of the Dungeon)

   [amulet of clarity]

   It provides mental clarity.
   It protects you from negative energy.
   It affects your resistance to hostile enchantments.
 N - a cursed +1 ring of protection (left hand)
Potions
 j - 2 potions of flight
 k - 2 potions of agility
 o - a potion of porridge
 r - 5 potions of heal wounds
 s - 3 potions of haste
 H - a potion of might
 J - 3 potions of restore abilities
 K - a potion of resistance
Books
 M - a book of Control

   Spells                             Type                      Level
   Control Teleport                   Charms/Translocation         4
   Control Undead                     Necromancy                   4
   Enslavement                        Hexes                        4
   Metabolic Englaciation             Hexes/Ice                    5
   Mass Confusion                     Hexes                        6


   Skills:
 - Level 8.3 Fighting
 - Level 10.1 Axes
 - Level 3.0 Throwing
 - Level 8.2 Armour
 - Level 3.2 Dodging
 + Level 9.0 Invocations


You had 9 spell levels left.
You didn't know any spells.

Dungeon Overview and Level Annotations

Branches:
Dungeon (10/15)            Temple (1/1) D:6            Lair (0/8) D:9
    Orc: D:9-12

Altars:
Ashenzari
Cheibriados
Dithmenos
Elyvilon
Fedhas
Kikubaaqudgha
Makhleb
Nemelex Xobeh
Okawaru
Qazlal
Sif Muna
Trog
Vehumet
Xom
Yredelemnul
Zin
The Shining One


Innate Abilities, Weirdness & Mutations

You are resistant to damage.
You can recharge devices by infusing magical energy.
You passively map the area around you.
You do not heal naturally.

Vault maps used:
D:1:      dpeg_arrival_tiny_a
D:2:      lemuel_crystal_altar
D:3:      lemuel_crystal_altar, gup_sewer_entry_bubbles
D:4:      grunt_qazlal_sundering, enter_ossuary_1, uniq_pikel
D:5:      nicolae_overflow_quartered_altars, first_bread, minmay_ogre_servants
D:6:      temple_fountains, grunt_potential
D:7:      kennysheep_orc_sif_temple, nemelex_deck, basic_altar
D:8:      lemuel_coloured_pillars_altar, overflow_temple_1_default,
          uniq_eustachio, uniq_blork_the_orc
D:9:      elyvilon_altar_1, dpeg_lair_monsters
D:10:     zombieorc1_lemuel, hangedman_fish_farm
Temple:   circular_temple_6
Sewer:    sewer_frog_island_02
Ossuary:  minmay_ossuary_two_tombs


Message History

The orc wizard hits you but does no damage.
Use which ability? (? or * to list)
Okay, then.
Unknown command.
You closely miss the jackal. You barely miss the jackal. You hit the yak.
The yak is lightly wounded.
You completely miss the orc wizard. The jackal barely misses you.
The yak barely misses you.
The orc wizard points at you and mumbles some strange words.
The magic dart hits you!
The jackal bites you but does no damage. x2
You slash the jackal!
You kill the jackal!
Makhleb accepts your kill.
Your Invocations skill increases to level 9!
You slash the jackal!
You kill the jackal!
Makhleb accepts your kill.
You hit the yak.
The yak is moderately wounded.
You closely miss the orc wizard. The orc wizard barely misses you.
The yak gores you but does no damage. The orc wizard casts a spell at you.
The magic dart hits you!
Unknown command.
Evoke which item? (* to show all) (? for menu, Esc to quit)
Zapping:
e - a wand of heal wounds (5)
Press: ? - help, Shift-Dir - straight line, f - you, p - hill giant You feel much better.
This wand has 4 charges left.
The yak gores you but does no damage. The orc wizard hits you with a dagger.
The yak gores you! The hill giant closely misses you.
The yak gores you but does no damage.
Unknown command.
Unknown command.
Unknown command.
You hit the yak but do no damage. You hit the hill giant.
The hill giant is lightly wounded.
You hit the yak.
The yak is lightly wounded.
You hit the yak.
The yak is moderately wounded.
You hit the orc wizard.
The orc wizard is moderately wounded.
The orc wizard hits you but does no damage.
The yak barely misses you. The yak gores you.
The yak gores you but does no damage.
The orc wizard hits you but does no damage.
The hill giant hits you with a giant spiked club!!
* * * LOW HITPOINT WARNING * * *
Evoke which item? (* to show all) (? for menu, Esc to quit)
Zapping:
e - a wand of heal wounds (4)
Press: ? - help, Shift-Dir - straight line, f - you You feel much better.
This wand has 3 charges left.
The yak closely misses you.
The orc wizard hits you but does no damage.
The yak barely misses you. The yak gores you but does no damage.
Unknown command.
Unknown command.
You hit the yak.
The yak is lightly wounded.
You hit the hill giant but do no damage.
The hill giant is lightly wounded.
You hit the yak but do no damage.
The yak is lightly wounded.
You slash the yak!
The yak is heavily wounded.
You barely miss the orc wizard.
The orc wizard is moderately wounded.
The orc wizard hits you but does no damage.
The yak gores you. The yak barely misses you.
The hill giant hits you with a giant spiked club!
* * * LOW HITPOINT WARNING * * *
You hear a distant slurping noise.
The yak gores you but does no damage.
The orc wizard hits you but does no damage.
Evoke which item? (* to show all) (? for menu, Esc to quit)
Zapping:
e - a wand of heal wounds (3)
Press: ? - help, Shift-Dir - straight line, f - you You feel much better.
This wand has 2 charges left.
The yak gores you.
The orc wizard hits you but does no damage.
The yak gores you but does no damage. The yak gores you!
The hill giant hits you with a giant spiked club!!
* * * LOW HITPOINT WARNING * * *
Evoke which item? (* to show all) (? for menu, Esc to quit)
Zapping:
e - a wand of heal wounds (2)
Press: ? - help, Shift-Dir - straight line, f - you You feel much better.
This wand has 1 charge left.
The orc wizard gestures at you while chanting.
The puff of frost hits you! The yak gores you but does no damage.
The yak gores you but does no damage. x2
The orc wizard barely misses you.
Unknown command.
Read which item? (? for menu, Esc to quit)
As you read the scroll labeled VAOXKE JAFIFE, it crumbles to dust.
The scroll dissolves into smoke.
It was a scroll of fog.
The yak gores you but does no damage.
The hill giant hits you with a giant spiked club!!
* * * LOW HITPOINT WARNING * * *
The orc wizard hits you but does no damage.
The yak gores you but does no damage. The yak gores you!
You die...

, * , ... * #......
, ,......# #......
, , , ......###
#...... , ,,
........### #..Z...
,
#.........###......
*
#.....<...........
,
#o§.).......##....
*
#oYo..Z...#####...
* #@YY....### ##..
, #YCZ...## #.. , *
#Y§...## #.# * ** *
#.....# #.# , , ,
####### ### *,, * *
*


You could see a hill giant, 5 yaks, an orc wizard, 2 orcs, an ogre zombie and a
cyclops skeleton.

Table legend:
 A = Kills in this place as a percentage of kills in entire the game.
 B = Kills by you in this place as a percentage of kills by you in the entire game.
 C = Kills by friends in this place as a percentage of kills by friends in the entire game.
 D = Other kills in this place as a percentage of other kills in the entire game.
 E = Experience gained in this place as a percentage of experience gained in the entire game.
 F = Experience gained in this place divided by the number of levels of this place that you have seen.
                   A       B       C       D       E      F
               +-------+-------+-------+-------+-------+----------------------
         Total | 100.0 | 100.0 |  -nan |  -nan | 100.0 | 707.8
       Dungeon |  71.3 |  71.3 |  -nan |  -nan |  90.3 | 831.1
         Sewer |  17.7 |  17.7 |  -nan |  -nan |   4.4 | 401.0
       Ossuary |  11.0 |  11.0 |  -nan |  -nan |   5.3 | 489.0
               +-------+-------+-------+-------+-------+----------------------

Vanquished Creatures
  Pikel (D:4)
  An ugly thing (D:6)
  A hydra zombie (D:9)
  A yak (D:10)
  A hill giant zombie (D:8)
  A steam dragon (D:7)
  Eustachio (D:8)
  A hippogriff (D:9)
  3 orc warriors
  A sky beast (D:9)
  2 ice beasts
  6 ogres
  A black bear (D:6)
  A necrophage (D:8)
  4 slaves
  3 centaurs
  Blork the orc (D:8)
  2 elf zombies (Ossuary)
  A big kobold (D:5)
  13 giant frogs
  4 scorpions
  A water moccasin zombie (D:5)
  3 wights
  A hippogriff skeleton (D:8)
  2 goliath beetles (D:7)
  A giant frog zombie (D:5)
  3 crimson imps
  4 hounds
  2 human zombies (Ossuary)
  3 orc priests
  A jelly (D:8)
  7 worker ants
  A centaur skeleton (D:7)
  10 orc wizards
  An iguana (D:7)
  4 big kobold zombies (Ossuary)
  An ogre zombie (D:10)
  A hound zombie (Ossuary)
  A hound skeleton (D:8)
  3 mummies (Ossuary)
  17 adders
  7 gnolls
  2 worker ant zombies
  A shadow imp (D:9)
  11 giant mites
  3 adder zombies
  13 giant geckos
  11 oozes
  26 orcs
  A bat skeleton (D:5)
  21 giant cockroaches
  A gnoll zombie (Ossuary)
  15 hobgoblins
  13 jackals
  3 quokkas
  11 ball pythons
  6 bats
  12 giant newts
  2 giant spores
  19 goblins
  A goblin skeleton (D:10)
  2 goblin zombies (Ossuary)
  A hobgoblin skeleton (D:4)
  7 hobgoblin zombies
  A jackal skeleton (D:6)
  A jackal zombie (Ossuary)
  18 kobolds
  2 kobold zombies (Ossuary)
  3 orc skeletons
  2 orc zombies
  7 quokka zombies (Ossuary)
  12 rats
  7 rat zombies
  9 ballistomycetes
368 creatures vanquished.

Vanquished Creatures (others)
  A smoke demon (D:10)
  A jelly (D:6)
  An adder (D:7)
  A giant spore (D:6)
4 creatures vanquished.

Grand Total: 372 creatures vanquished

Notes
Turn   | Place    | Note
--------------------------------------------------------------
     0 | D:1      | magipi, the Deep Dwarf Gladiator, began the quest for the Orb.
     0 | D:1      | Reached XP level 1. HP: 19/19 MP: 1/1
   401 | D:1      | Reached XP level 2. HP: 26/26 MP: 2/2
   522 | D:1      | Reached skill level 4 in Axes
   883 | D:2      | Reached XP level 3. HP: 32/32 MP: 3/3
   907 | D:2      | Found a basalt altar of Yredelemnul.
   952 | D:2      | Reached XP level 4. HP: 23/39 MP: 4/4
  1219 | D:2      | Reached skill level 5 in Axes
  1318 | D:3      | Found a shadowy altar of Dithmenos.
  1444 | D:3      | Found a glowing drain.
  1456 | Sewer    | Entered a sewer
  1469 | Sewer    | Reached XP level 5. HP: 38/45 MP: 5/5
  1629 | Sewer    | Reached skill level 6 in Axes
  1868 | Sewer    | Reached XP level 6. HP: 40/52 MP: 6/6
  1885 | Sewer    | Noticed a giant frog
  1910 | Sewer    | Killed a giant frog
  1910 | Sewer    | Reached skill level 7 in Axes
  1917 | Sewer    | Noticed a giant frog
  1925 | Sewer    | Killed a giant frog
  2432 | D:4      | Reached skill level 8 in Axes
  2487 | D:4      | Reached XP level 7. HP: 22/58 MP: 7/7
  2554 | D:4      | Found a stormy altar of Qazlal.
  2686 | D:4      | Found a sand-covered staircase.
  2695 | Ossuary  | Entered an ossuary
  2732 | Ossuary  | Reached skill level 9 in Axes
  3114 | D:4      | Noticed Pikel
  3134 | D:5      | Entered Level 5 of the Dungeon
  3232 | D:5      | Reached XP level 8. HP: 27/69 MP: 7/7
  3621 | D:5      | Reached skill level 10 in Axes
  3703 | D:5      | Found a shimmering altar of Xom.
  3704 | D:5      | Found a radiant altar of Vehumet.
  3704 | D:5      | Found a snail-covered altar of Cheibriados.
  3714 | D:5      | Found a shattered altar of Ashenzari.
  3912 | D:6      | Reached skill level 1 in Armour
  3935 | D:6      | Reached skill level 5 in Fighting
  4006 | D:6      | Noticed a brown ugly thing
  4021 | D:6      | Killed a brown ugly thing
  4021 | D:6      | Gained mutation: You passively map the area around you. [level up]
  4021 | D:6      | Reached XP level 9. HP: 62/82 MP: 6/6
  4191 | D:6      | Found a staircase to the Ecumenical Temple.
  4200 | Temple   | Entered the Ecumenical Temple
  4418 | D:6      | Reached skill level 5 in Armour
  4909 | D:7      | Found a sparkling altar of Nemelex Xobeh.
  5326 | D:7      | Found a deep blue altar of Sif Muna.
  5511 | D:8      | Found a burning altar of Makhleb.
  5517 | D:8      | Noticed Blork the orc
  5518 | D:8      | Became a worshipper of Makhleb the Destroyer
  5612 | D:7      | Found a burning altar of Makhleb.
  6121 | D:5      | Reached XP level 10. HP: 52/96 MP: 5/5
  6154 | D:4      | Acquired Makhleb's first power
  6177 | D:4      | Killed Pikel
  6262 | D:4      | Reached skill level 1 in Invocations
  6671 | D:8      | Noticed Eustachio
  7110 | D:8      | Acquired Makhleb's second power
  7142 | D:8      | Reached skill level 5 in Invocations
  7296 | D:8      | Killed Blork the orc
  7345 | D:8      | Found a deep blue altar of Sif Muna.
  7418 | D:8      | Killed Eustachio
  7660 | D:9      | Noticed a death yak
  7686 | D:9      | Found a staircase to the Lair.
  7899 | D:9      | Found a white marble altar of Elyvilon.
  8004 | D:9      | Noticed a death yak
  8011 | D:10     | Entered Level 10 of the Dungeon
  8078 | D:10     | Acquired Makhleb's third power
  8255 | D:10     | Noticed a hill giant
  8368 | D:10     | HP: 4/96 [hill giant/giant spiked club (28)]
  8368 | D:10     | Slain by a yak

Action                   |  1- 3 |  4- 6 |  7- 9 | 10-12 || total
-------------------------+-------+-------+-------+-------++-------
Melee: War axe           |    79 |   313 |   814 |   370 ||  1576
Throw: Throwing net      |       |     1 |       |     2 ||     3
       Tomahawk          |       |       |     4 |       ||     4
Invok: Lesser Servant of |       |       |       |     1 ||     1
 Abil: Device Recharging |       |       |     5 |     3 ||     8
Evoke: Wand              |     1 |     5 |    25 |    15 ||    46
  Use: Scroll            |       |     6 |     5 |     5 ||    16
       Potion            |       |       |     4 |       ||     4
 Stab: Held in net/web   |       |     2 |       |     2 ||     4
       Invisible         |       |       |     6 |       ||     6
  Eat: Chunk             |       |     5 |     2 |       ||     7
       Royal jelly       |       |     1 |       |       ||     1
       Beef jerky        |       |       |     4 |       ||     4
       Bread ration      |       |       |     1 |     2 ||     3
       Fruit             |       |       |       |     2 ||     2

Action                   |  1- 3 |  4- 6 |  7- 9 | 10-12 || total
-------------------------+-------+-------+-------+-------++-------
Melee: War axe           |    79 |   313 |   814 |   370 ||  1576
Throw: Throwing net      |       |     1 |       |     2 ||     3
       Tomahawk          |       |       |     4 |       ||     4
Invok: Lesser Servant of |       |       |       |     1 ||     1
 Abil: Device Recharging |       |       |     5 |     3 ||     8
Evoke: Wand              |     1 |     5 |    25 |    15 ||    46
  Use: Scroll            |       |     6 |     5 |     5 ||    16
       Potion            |       |       |     4 |       ||     4
 Stab: Held in net/web   |       |     2 |       |     2 ||     4
       Invisible         |       |       |     6 |       ||     6
  Eat: Chunk             |       |     5 |     2 |       ||     7
       Royal jelly       |       |     1 |       |       ||     1
       Beef jerky        |       |       |     4 |       ||     4
       Bread ration      |       |       |     1 |     2 ||     3
       Fruit             |       |       |       |     2 ||     2

Action                   |  1- 3 |  4- 6 |  7- 9 | 10-12 || total
-------------------------+-------+-------+-------+-------++-------
Melee: War axe           |    79 |   313 |   814 |   370 ||  1576
Throw: Throwing net      |       |     1 |       |     2 ||     3
       Tomahawk          |       |       |     4 |       ||     4
Invok: Lesser Servant of |       |       |       |     1 ||     1
 Abil: Device Recharging |       |       |     5 |     3 ||     8
Evoke: Wand              |     1 |     5 |    25 |    15 ||    46
  Use: Scroll            |       |     6 |     5 |     5 ||    16
       Potion            |       |       |     4 |       ||     4
 Stab: Held in net/web   |       |     2 |       |     2 ||     4
       Invisible         |       |       |     6 |       ||     6
  Eat: Chunk             |       |     5 |     2 |       ||     7
       Royal jelly       |       |     1 |       |       ||     1
       Beef jerky        |       |       |     4 |       ||     4
       Bread ration      |       |       |     1 |     2 ||     3
       Fruit             |       |       |       |     2 ||     2
